 Dungeon Crawl Stone Soup version 0.22-a0-63-geddfa9b (webtiles) character file.

58238 shenanigans the Blocker (level 14, -12/116 HPs)
             Began as a Barachi Monk on Jan 10, 2018.
             Was the Champion of Okawaru.
             Mangled by an ettin
             ... wielding a cursed +0 dire flail
              (21 damage)
             ... on level 2 of the Orcish Mines.
             The game lasted 01:08:56 (24963 turns).

shenanigans the Blocker (Barachi Monk)             Turns: 24963, Time: 01:08:56

Health: -12/116    AC: 24    Str: 17    XL:     14   Next: 89%
Magic:  0/26       EV: 14    Int: 15    God:    Okawaru [******]
Gold:   1395       SH:  8    Dex: 14    Spells: 27/29 levels left

rFire    + . .     SeeInvis .   a - +5 broad axe (vamp)
rCold    + . .     Gourm    .   l - +0 buckler
rNeg     . . .     Faith    .   H - +3 plate armour {MR+}
rPois    +         Spirit   +   P - +0 hat {MR+}
rElec    .         Reflect  .   V - scarf {rC+ rF+}
rCorr    .         Harm     .   J - +0 pair of gloves
MR       +++..                  L - +0 pair of boots
Stlth    ..........             j - amulet of guardian spirit
HPRegen  0.29/turn              K - ring of poison resistance
MPRegen  0.20/turn              Z - +3 ring of strength

@: heroism, slow
A: +LOS, swims, slowness 1, strong legs 2
a: Hop, Heroism, Finesse, Renounce Religion


You were on level 2 of the Orcish Mines.
You worshipped Okawaru.
Okawaru was exalted by your worship.
You were not hungry.

You visited 4 branches of the dungeon, and saw 21 of its levels.
You also visited: Sewer.

You collected 1515 gold pieces.
You spent 120 gold pieces at shops.

Inventory:

Hand Weapons
 a - a +5 vampiric broad axe (weapon)
 b - a +1 war axe of flaming
 c - a +0 morningstar of holy wrath
Missiles
 A - 23 tomahawks (quivered)
Armour
 i - a +0 plate armour
 l - a +0 buckler (worn)
 o - a +0 helmet
 H - a +3 plate armour of magic resistance (worn)
 J - a +0 pair of gloves (worn)
 L - a +0 pair of boots (worn)
 P - a +0 hat of magic resistance (worn)
 R - the +1 ring mail "Itatunt Mohi" {rN++}
   (Okawaru gifted it to you on level 1 of the Lair of Beasts)

   It greatly protects you from negative energy.
 V - a scarf of resistance (worn)
Jewellery
 j - an amulet of guardian spirit (around neck)
 m - an uncursed ring of magical power
 y - an uncursed ring of stealth
 K - a ring of poison resistance (left hand)
 U - a +2 ring of intelligence {unknown}
 Z - a +3 ring of strength (right hand)
Wands
 q - a wand of flame (33)
 T - a wand of disintegration (7)
Scrolls
 e - 5 scrolls of blinking
 g - 4 scrolls of amnesia
 n - 7 scrolls of remove curse
 p - a scroll of torment {unknown}
 w - a scroll of holy word {unknown}
 x - a scroll of fog {unknown}
 C - 2 scrolls of enchant armour
 D - 4 scrolls of enchant weapon
 G - 6 scrolls of teleportation
 M - a scroll of brand weapon
 O - 2 scrolls of fear
 Q - 2 scrolls of silence
Potions
 f - 5 potions of curing
 k - 2 potions of flight
 r - a potion of brilliance
 s - 6 potions of lignification
 t - 2 potions of heal wounds
 u - 4 potions of magic
 z - 2 potions of invisibility
 E - 2 potions of ambrosia
 F - 4 potions of haste
 I - 4 potions of resistance
 N - 2 potions of mutation
Comestibles
 d - 21 rations


   Skills:
 + Level 12.6(17.6) Fighting
 + Level 11.9(16.9) Axes
 + Level 12.2(17.2) Armour
 + Level 11.8(16.8) Dodging
 - Level 1.7(6.7) Stealth
 + Level 12.9(17.9) Shields
 + Level 8.1 Spellcasting
 - Level 5.1 Invocations


You had 27 spell levels left.
You knew the following spells:

 Your Spells              Type           Power        Failure   Level  Hunger
a - Song of Slaying       Chrm           #.......     94%         2    None


Dungeon Overview and Level Annotations

Branches:
Dungeon (12/15)            Temple (1/1) D:4            Lair (6/6) D:11
  Swamp (0/4) Lair:4        Snake (0/4) Lair:4        Slime (0/5) Lair:6
    Orc (2/2) D:12
    Elf: Orc:2

Altars:
Ashenzari
Cheibriados
Dithmenos
Elyvilon
Fedhas
Gozag
Hepliaklqana
Kikubaaqudgha
Makhleb
Nemelex Xobeh
Okawaru
Qazlal
Ru
Sif Muna
Trog
Uskayaw
Vehumet
Wu Jian
Xom
Yredelemnul
Zin
The Shining One

Shops:
D:6 =   D:10 %   D:12 [   Orc:1 *   Orc:2 :((

Annotations:
D:4 Maimakterion's ghost, amateur DrTm
D:8 nebgrebaes's ghost, novice OgBe
D:9 SquallLeonhart's ghost, journeyman DsFi


Innate Abilities, Weirdness & Mutations

Shadows flee at your approach. (+LOS)
You can swim through water.
You cover ground slowly.
You can hop long distances.


Message History

* * * LOW HITPOINT WARNING * * *
You block the orc priest's attack.
You hit the ettin but do no damage.
The ettin is almost dead.
You closely miss the orc priest. You block the ettin's attack.
The ettin hits you with a dire flail!!
* * * LOW HITPOINT WARNING * * *
The orc priest begins to cast a cantrip, but forgets the words!
You hit the ettin but do no damage.
The ettin is almost dead.
You slash the orc priest!
You kill the orc priest!
Okawaru accepts your kill.
Unknown command.
You completely miss the ettin.
The ettin is almost dead.
The ettin hits you with a dire flail!
* * * LOW HITPOINT WARNING * * *
The ettin hits you with a dire flail!!
You die...

...#.........#.###.).#.PP.
............#### ##.###.P.
#.#.........## ###(##....
##.#.......#.###.(.......
#....#..........)..##...#
..P....#....(....###.....
.PP..........((..# ##.#.#
P......)C....(..##.### ##
....P..)@...(.##....#
8......)....)......##
.∩.........))(##....#
.P....P.....()# #..##
...........)...# ..#
................#.##
........#.#......#
.......###..#.#...#
....... #...∩...##


You could see an ettin.

Vanquished Creatures
  A stone giant (Orc:2)
  Nessos (Lair:5)
  5 dire elephants (Lair:6)
  5 hydras
  A centaur warrior (D:11)
  5 two-headed ogres
  An anaconda (Lair:6)
  A queen ant (Lair:3)
  An unseen horror (D:12)
  The ghost of zxkuqyb the Cleaver, a novice MiBe of Trog (D:6)
  An orc knight (Orc:1)
  2 orc sorcerers (Orc:1)
  A deep elf mage (D:12)
  5 cyclopes
  6 black mambas
  11 elephants
  A centaur zombie (D:12)
  A centaur skeleton (D:10)
  10 spiny frogs
  4 komodo dragons (Lair:6)
  A hornet (D:8)
  14 blink frogs
  7 trolls
  7 hippogriffs
  6 dream sheep (Lair:4)
  38 yaks
  2 wyverns
  2 shadows (D:12)
  A human (D:12)
  2 basilisks
  A hungry ghost (D:8)
  7 swamp worms (Lair:4)
  2 wargs (Orc:2)
  Edmund (D:5)
  8 soldier ants (Lair:3)
  5 water moccasins
  8 porcupines
  4 ice beasts
  2 phantoms
  13 orc warriors
  7 sky beasts
  3 black bears
  2 eyes of draining
  A necrophage (D:12)
  14 ogres
  10 wolves
  13 crocodiles
  13 centaurs
  4 big kobolds
  17 bullfrogs
  A wyvern skeleton (D:12)
  6 scorpions
  9 wights
  3 howler monkeys
  3 electric eels
  4 bullfrog zombies
  9 crimson imps
  A quasit (D:9)
  8 orc priests
  A bullfrog skeleton (D:9)
  5 jellies
  25 orc wizards
  4 hounds
  6 iguanas
  45 worker ants
  A hound skeleton (D:11)
  A worker ant zombie (D:8)
  7 gnolls
  3 howler monkey skeletons
  16 adders
  4 river rats (Sewer)
  5 shadow imps
  12 white imps (D:11)
  3 oozes (Lair:6)
  2 adder skeletons
  2 adder zombies
  14 worms
  3 dart slugs
  4 leopard geckos
  57 orcs
  6 ball pythons
  3 giant cockroaches
  10 goblins
  8 hobgoblins
  17 jackals
  22 kobolds
  2 quokkas
  5 bats
  16 frilled lizards
  2 giant cockroach zombies (D:6)
  A jackal zombie (D:6)
  2 quokka skeletons
  A quokka zombie (D:7)
  9 rats
  2 fungi (Orc:2)
  4 plants
653 creatures vanquished.

Vanquished Creatures (others)
  A polar bear (Lair:6)
  A yak (Lair:6)
  An orc wizard (Orc:2)
  A kobold (D:12)
  A bush (Lair:6)
  19 fungi
  15 plants
39 creatures vanquished.

Grand Total: 692 creatures vanquished

Notes
Turn   | Place    | Note
-------+----------+-------------------------------------------
     0 | D:1      | shenanigans the Barachi Monk began the quest for the Orb.
     0 | D:1      | Reached XP level 1. HP: 18/18 MP: 1/1
   109 | D:1      | Reached XP level 2. HP: 23/25 MP: 2/2
   125 | D:1      | You fall through a shaft!
   140 | D:2      | Reached skill level 1 in Armour
   312 | D:1      | Reached XP level 3. HP: 11/30 MP: 3/3
  1675 | D:2      | Reached XP level 4. HP: 35/38 MP: 4/4
  1731 | D:2      | Found a blossoming altar of Fedhas.
  2426 | D:3      | Found a faded altar of an unknown god.
  2822 | D:3      | Reached XP level 5. HP: 30/43 MP: 5/5
  3063 | D:3      | Noticed an ogre
  3368 | D:4      | Reached skill level 1 in Shields
  3497 | D:4      | Noticed Maimakterion's ghost (amateur DrTm)
  3758 | D:5      | Entered Level 5 of the Dungeon
  3758 | D:5      | Found a glowing drain.
  3758 | D:5      | Found a hide-covered altar of Uskayaw.
  3766 | D:5      | Reached XP level 6. HP: 42/50 MP: 6/6
  3802 | Sewer    | Entered a sewer
  3866 | Sewer    | Reached skill level 5 in Fighting
  4598 | D:4      | Reached XP level 7. HP: 13/56 MP: 7/7
  5258 | D:3      | Reached skill level 5 in Axes
  5258 | D:3      | Reached skill level 5 in Dodging
  5475 | D:4      | Found a staircase to the Ecumenical Temple.
  5518 | Temple   | Entered the Ecumenical Temple
  5610 | Temple   | Became a worshipper of Warmaster Okawaru
  5610 | Temple   | Reached * piety under Okawaru
  5610 | Temple   | Reached ** piety under Okawaru
  5679 | D:5      | Reached XP level 8. HP: 61/64 MP: 8/8
  5927 | D:5      | Found a sacrificial altar of Ru.
  5931 | D:5      | Noticed Edmund
  5947 | D:5      | Killed Edmund
  5947 | D:5      | Reached skill level 1 in Invocations
  6128 | D:5      | Reached skill level 5 in Shields
  6848 | D:6      | Found Gyihof's Jewellery Emporium.
  7088 | D:6      | Reached skill level 5 in Armour
  7434 | D:6      | Noticed zxkuqyb's ghost (novice MiBe)
  7434 | D:6      | Reached *** piety under Okawaru
  7434 | D:6      | Reached XP level 9. HP: 51/71 MP: 10/10
  7641 | D:6      | Found a shimmering altar of Xom.
  7936 | D:6      | Killed zxkuqyb's ghost
  8670 | D:7      | Reached **** piety under Okawaru
  8754 | D:7      | Reached XP level 10. HP: 79/79 MP: 12/12
  8919 | D:7      | Found a snail-covered altar of Cheibriados.
  9144 | D:7      | Found an ornate altar of the Wu Jian Council.
  9145 | D:7      | Found a glowing golden altar of the Shining One.
  9170 | D:7      | Found a basalt altar of Yredelemnul.
  9596 | D:8      | Noticed a two-headed ogre
  9605 | D:8      | Killed a two-headed ogre
  9605 | D:8      | Reached ***** piety under Okawaru
  9909 | D:8      | Found a glowing silver altar of Zin.
  9909 | D:8      | Noticed an angel
  9967 | D:8      | Noticed nebgrebaes's ghost (novice OgBe)
 10431 | D:8      | Found a hazy altar of Hepliaklqana.
 10441 | D:8      | Noticed a two-headed ogre
 10453 | D:8      | Killed a two-headed ogre
 10453 | D:8      | Paralysed by a hornet for 2 turns
 11159 | D:7      | Reached XP level 11. HP: 51/87 MP: 9/14
 11472 | D:8      | Found a deep blue altar of Sif Muna.
 11483 | D:8      | Found an ancient bone altar of Kikubaaqudgha.
 11494 | D:8      | Found a radiant altar of Vehumet.
 11498 | D:8      | Identified Vehumet's Almanac of Attacks
 12763 | D:9      | Noticed a two-headed ogre
 12764 | D:9      | Noticed SquallLeonhart's ghost (journeyman DsFi)
 12782 | D:9      | Killed a two-headed ogre
 13780 | D:10     | Entered Level 10 of the Dungeon
 13805 | D:10     | Reached skill level 5 in Invocations
 13815 | D:10     | Found a shadowy altar of Dithmenos.
 13826 | D:10     | Received a gift from Okawaru
 13826 | D:10     | Reached skill level 10 in Shields
 13974 | D:10     | Found an opulent altar of Gozag.
 14427 | D:10     | Found Funesuog's Food Emporium.
 14881 | D:11     | Reached skill level 1 in Spellcasting
 14933 | D:11     | Found a frozen archway.
 15071 | D:11     | Noticed a centaur warrior
 15087 | D:11     | Killed a centaur warrior
 15194 | D:11     | Found a staircase to the Lair.
 15580 | Lair:1   | Entered Level 1 of the Lair of Beasts
 15835 | Lair:1   | Reached XP level 12. HP: 96/96 MP: 13/16
 15841 | Lair:1   | Received a gift from Okawaru
 15847 | Lair:1   | Got a shimmering ring mail {god gift}
 15858 | Lair:1   | Identified the +1 ring mail "Itatunt Mohi" {rN++} (Okawaru gifted it to you on level 1 of the Lair of Beasts)
 16765 | Lair:2   | Noticed a seven-headed hydra
 16772 | Lair:2   | Killed an eight-headed hydra
 16772 | Lair:2   | Reached skill level 10 in Fighting
 17383 | Lair:3   | Noticed a queen ant
 17403 | Lair:3   | Killed a queen ant
 18123 | Lair:4   | Noticed a four-headed hydra
 18149 | Lair:4   | Killed a one-headed hydra
 18161 | Lair:4   | Found a staircase to the Swamp.
 18273 | Lair:4   | Received a gift from Okawaru
 18291 | Lair:4   | Reached skill level 10 in Armour
 18297 | Lair:4   | Reached skill level 10 in Axes
 18390 | Lair:4   | Reached skill level 10 in Dodging
 18484 | Lair:4   | Reached skill level 5 in Spellcasting
 18484 | Lair:4   | Gained mutation: You can hop long distances. [Barachi growth]
 18484 | Lair:4   | Reached XP level 13. HP: 94/104 MP: 15/20
 18553 | Lair:4   | Found a staircase to the Snake Pit.
 19290 | Lair:5   | Noticed Nessos
 19331 | Lair:5   | Killed Nessos
 20334 | Lair:5   | Received a gift from Okawaru
 20339 | Lair:5   | Reached ****** piety under Okawaru
 20513 | Lair:6   | Entered Level 6 of the Lair of Beasts
 20560 | Lair:6   | Found a staircase to the Slime Pits.
 21820 | Lair:6   | Reached XP level 14. HP: 75/114 MP: 15/24
 22340 | Lair:6   | Identified a scroll of acquirement
 22642 | Lair:6   | Learned a level 2 spell: Song of Slaying
 22975 | Lair:6   | Noticed a dire elephant
 22975 | Lair:6   | Noticed a dire elephant
 22989 | Lair:6   | Killed a dire elephant
 23002 | Lair:6   | Killed a dire elephant
 23002 | Lair:6   | Received a gift from Okawaru
 23073 | Lair:6   | Noticed a dire elephant
 23076 | Lair:6   | Noticed a dire elephant
 23106 | Lair:6   | Killed a dire elephant
 23118 | Lair:6   | Killed a dire elephant
 23272 | Lair:6   | Noticed a dire elephant
 23302 | Lair:6   | Killed a dire elephant
 23484 | D:12     | Found Ruenlu Mite's Antique Armour Emporium.
 23864 | D:12     | Found a staircase to the Orcish Mines.
 24256 | Orc:1    | Entered Level 1 of the Orcish Mines
 24256 | Orc:1    | Found Biqeag's Bounteous Boutique.
 24278 | Orc:1    | Bought a scroll of blinking for 120 gold pieces
 24618 | Orc:2    | Entered Level 2 of the Orcish Mines
 24618 | Orc:2    | Found Nevvyclu's Antique Weapon Shop.
 24618 | Orc:2    | Noticed a stone giant
 24699 | Orc:2    | Killed a stone giant
 24924 | Orc:2    | Found Meud's Antique Weapon Emporium.
 24945 | Orc:2    | Found Duhufenu's Book Shoppe.
 24963 | Orc:2    | Mangled by an ettin

Vault maps used:
D:1:      nzn_arrival_water_spiral
D:2:      marbit_many_paths, serial_glass, glass_columns_a, glass_columns_a,
          glass_columns_a, glass_columns_b, glass_columns_c, glass_columns_a,
          glass_columns_c, glass_columns_c, glass_columns_b, glass_columns_a
D:3:      chequers_ecumenical_altar_simple_redux
D:4:      minmay_temple_entry_nine_rooms, first_ration, minmay_misc_feat_square
D:5:      eat_drink_and_be_merry_uskayaw, nicolae_ru_sacrificial_ziggurat,
          portal_sewer_entry_a, uniq_edmund
D:6:      cheibrodos_fzero, lemuel_crystal_altar, serial_shops, shop_fountains
D:7:      cheibriados_altar_1, nicolae_overflow_hidden_temple,
          gammafunk_temple_overflow_statue
D:8:      palyth_temple_overflow_mages, zin_angel, old_standard_altar
D:10:     serial_shops, shop_fountains, basic_altar, grunt_gozag_breadcrumbs
D:11:     lair_entry_dummy, portal_ice_cave_entry_imps, minmay_misc_feat_cross
D:12:     orc_0_dummy, enter_bailey_7, serial_shops, kennysheep_little_box,
          grunt_pizzeria
Temple:   dpeg_three_leaves_temple
Lair:1:   grunt_megastairs_4
Lair:3:   zaba_anthell
Lair:4:   minmay_swamp_entry_reptiles, dummy_snake_entry, worms_lemuel
Lair:5:   wad_woods_river_01, uniq_nessos
Lair:6:   due_jungle_book, nicolae_slime_entry_slimehenge, zaba_anthole,
          serial_bayou_shore_b, infiniplex_staircase_pool
Orc:1:    nicolae_alphabet_shops
Orc:2:    grunt_orc_gardens, grunt_orc_garden, grunt_orc_garden,
          grunt_orc_garden, grunt_orc_garden, serial_shops, nicolae_shop_crystal
Sewer:    sewer_co_cracked_pipes

Skill      XL: |  1  2  3  4  5  6  7  8  9 10 11 12 13 14 |
---------------+-------------------------------------------+-----
Armour         | 1 2 3 4 5 6 7 8 10 11 12 | 12.2
Fighting       | 4 5 6 7 8 9 10 11 12 | 12.6
Axes           | 4 5 6 7 9 10 11 | 11.9
Dodging        | 4 5 6 7 9 10 11 | 11.8
Shields        | 1 3 4 5 7 9 10 11 12 | 12.9
Invocations    | 2 3 4 5 |  5.1
Spellcasting   | 2 5 6 8 |  8.1
Stealth        | |  1.7

Action                   |  1- 3 |  4- 6 |  7- 9 | 10-12 | 13-15 || total
-------------------------+-------+-------+-------+-------+-------++-------
Melee: Hand axe          |   154 |   138 |       |       |       ||   292
       Whip              |       |   112 |    99 |       |       ||   211
       War axe           |       |       |   267 |   470 |   117 ||   854
       Dagger            |       |       |    33 |       |       ||    33
       Broad axe         |       |       |       |   515 |   808 ||  1323
Throw: Tomahawk          |       |     5 |     7 |     2 |       ||    14
Invok: Heroism           |       |       |     3 |    12 |    21 ||    36
 Abil: Hop               |       |     2 |     2 |     4 |     5 ||    13
Evoke: Wand              |       |       |       |    14 |    14 ||    28
  Use: Potion            |       |     5 |     3 |     2 |     4 ||    14
       Scroll            |       |     4 |     2 |     5 |    17 ||    28
 Stab: Sleeping          |     2 |       |       |       |       ||     2
  Eat: Chunk             |     2 |    11 |    11 |    25 |    15 ||    64
       Ration            |       |       |     1 |     7 |     6 ||    14
Armor: Robe              |    29 |    10 |       |       |       ||    39
       Scale mail        |       |    16 |       |       |       ||    16
       Chain mail        |       |    61 |    57 |       |       ||   118
       Plate armour      |       |       |   146 |   590 |   585 ||  1321
Dodge: Dodged            |   123 |   113 |   106 |   350 |   536 ||  1228
Block: Buckler           |       |    43 |   103 |   343 |   411 ||   900

Table legend:
 A = Spawn XP
 B = Non-spawn XP
 C = Spawn XP percentage of total XP
 D = Spawn monster count
 E = Non-spawn monster count
 F = Spawn count percentage of total count
 G = Total turns spent on level
                    A         B        C        D         E        F      G
               +---------+---------+-------+---------+---------+-------+---------
         Total |       0 |   83198 |   0.0 |       0 |     647 |   0.0 | 24963
               +---------+---------+-------+---------+---------+-------+---------
           D:1 |       0 |      44 |   0.0 |       0 |      24 |   0.0 |   976
           D:2 |       0 |      65 |   0.0 |       0 |      19 |   0.0 |  1154
           D:3 |       0 |     194 |   0.0 |       0 |      23 |   0.0 |  1220
           D:4 |       0 |     617 |   0.0 |       0 |      16 |   0.0 |  1698
           D:5 |       0 |     681 |   0.0 |       0 |      18 |   0.0 |  1280
           D:6 |       0 |    2724 |   0.0 |       0 |      50 |   0.0 |  1941
           D:7 |       0 |    1808 |   0.0 |       0 |      35 |   0.0 |  1808
           D:8 |       0 |    3307 |   0.0 |       0 |      24 |   0.0 |  1693
           D:9 |       0 |    2235 |   0.0 |       0 |      21 |   0.0 |  1735
          D:10 |       0 |    1765 |   0.0 |       0 |      19 |   0.0 |   913
          D:11 |       0 |    3142 |   0.0 |       0 |      42 |   0.0 |   743
          D:12 |       0 |    6857 |   0.0 |       0 |      54 |   0.0 |   796
        Lair:1 |       0 |    3807 |   0.0 |       0 |      19 |   0.0 |   928
        Lair:2 |       0 |    2471 |   0.0 |       0 |       9 |   0.0 |   862
        Lair:3 |       0 |    4575 |   0.0 |       0 |      53 |   0.0 |   817
        Lair:4 |       0 |    7885 |   0.0 |       0 |      54 |   0.0 |  1067
        Lair:5 |       0 |   10874 |   0.0 |       0 |      37 |   0.0 |  1351
        Lair:6 |       0 |   20665 |   0.0 |       0 |      56 |   0.0 |  2836
         Orc:1 |       0 |    2435 |   0.0 |       0 |      12 |   0.0 |   415
         Orc:2 |       0 |    6966 |   0.0 |       0 |      44 |   0.0 |   292
         Sewer |       0 |      81 |   0.0 |       0 |      18 |   0.0 |   335
               +---------+---------+-------+---------+---------+-------+---------
